 Dungeon Crawl Stone Soup version 0.22.0-25-g7663229 (webtiles) character file.

8673 iamserjio the Cleaver (level 11, 71/72 HPs)
             Began as a Gargoyle Berserker on Aug 20, 2018.
             Was a Priest of Trog.
             Quit the game in a labyrinth.
             The game lasted 00:29:00 (3276 turns).

iamserjio the Cleaver (Gargoyle Berserker)          Turns: 3276, Time: 00:29:01

Health: 71/72      AC: 23    Str: 21    XL:     11   Next: 34%
Magic:  11/11      EV:  7    Int:  8    God:    Trog [***...]
Gold:   53         SH:  0    Dex: 12    Spells: 10/10 levels left

rFire    . . .     SeeInvis .   A - +2 war axe (freeze)
rCold    . . .     Gourm    .   (no shield)
rNeg     + . .     Faith    .   g - +0 plate armour
rPois    ∞         Spirit   .   (no helmet)
rElec    +         Reflect  .   f - +0 cloak
rCorr    +         Harm     .   (no gloves)
MR       .....                  (no boots)
Stlth    ..........             (no amulet)
HPRegen  0.22/turn              J - ring of resist corrosion
MPRegen  0.12/turn              (no ring)

@: fainting
A: negative energy resistance 1, electricity resistance, unbreathing,
petrification resistance, rot immunity, AC +8
a: Berserk, Trog's Hand, Renounce Religion


You were in a labyrinth.
You worshipped Trog.
Trog was most pleased with you.
You were fainting.

You visited 2 branches of the dungeon, and saw 11 of its levels.
You also visited: Labyrinth.

You collected 116 gold pieces.
You spent 63 gold pieces at shops.

Inventory:

Hand Weapons
 a - a +0 hand axe
 l - a +0 flail
 o - a +0 whip of electrocution
 p - a +1 flail of protection
 x - a +0 hand axe of venom
 y - a +0 war axe
 A - a +2 war axe of freezing (weapon)
 D - a +0 hand axe of electrocution
 H - the +6 whip of Vodka {slash, *Drain rElec Str+2 Dex+5}
   (You found it on level 8 of the Dungeon)

   It inflicts extra damage upon your enemies.
   It affects your strength (+2).
   It affects your dexterity (+5).
   It insulates you from electricity.
   It causes draining when unequipped.
Missiles
 n - a throwing net (quivered) {!f}
Armour
 b - a +0 animal skin
 f - a +0 cloak (worn)
 g - a +0 plate armour (worn)
 G - a +0 troll leather armour
Jewellery
 J - a ring of resist corrosion (left hand)
Wands
 C - a wand of random effects (15)
 K - a wand of acid (11)
 L - a wand of iceblast (16)
Scrolls
 e - a scroll of blinking {unknown}
 m - a scroll of enchant weapon {unknown}
 r - 5 scrolls of remove curse {@r2}
 s - a scroll of immolation {unknown}
 t - a scroll of fear {unknown}
 u - 2 scrolls of enchant armour {unknown}
 v - a scroll of magic mapping
 w - a scroll of fog {unknown}
 z - a scroll of noise
 E - 2 scrolls of teleportation
 F - a scroll of amnesia {unknown}
 N - a scroll of acquirement {unknown}
Potions
 d - a potion of heal wounds
 h - a potion of resistance
 i - a potion of magic {unknown}
 j - 4 potions of curing {@q1}
 k - a potion of agility
 q - a potion of cancellation
 B - a potion of berserk rage
 I - a potion of brilliance {unknown}
 M - a potion of flight {unknown}


   Skills:
 + Level 10.0 Fighting
 * Level 11.5 Axes
 + Level 9.8 Armour
 - Level 1.5 Dodging


You had 10 spell levels left.
You didn't know any spells.
Your spell library was empty.

Dungeon Overview and Level Annotations

Branches:
Dungeon (8/15)             Temple (0/1) D:6            Lair (3/6) D:8
  Swamp (0/4) Lair:3       Spider (0/4) Lair:3

Altars:

Shops:
D:6 ?(

Annotations:
D:7 2 transporters, Americanboy's ghost, novice MiFi
Lair:3 exclusion: oklob plant


Innate Abilities, Weirdness & Mutations

You are resistant to torment.
Your stone body is resilient. (AC +8)
You are immune to poison.
You resist negative energy. (rN+)
You are resistant to electric shocks. (rElec)
You can survive without breathing.
You are immune to petrification.
You are immune to rotting.


Message History

The hungry ghost is almost destroyed.
The hungry ghost hits you.
You feel somewhat more hungry.
You closely miss the hungry ghost.
The hungry ghost is almost destroyed.
The hungry ghost hits you.
You are fainting from starvation!
You hit the hungry ghost but do no damage.
The hungry ghost is severely damaged.
You closely miss the hungry ghost.
The hungry ghost is severely damaged.
The hungry ghost hits you.
You feel slightly more hungry.
You slice the hungry ghost!!
You destroy the hungry ghost!
Trog accepts your kill.
You see here a quarterstaff.
You see here a redback corpse.
The redback corpse isn't edible.
You aren't carrying any food.
Unknown command.
Are you sure you want to abandon this character and quit the game? (Confirm with "yes".)

## ##.# ###.#. .
##. #.# #. ..# ...
#. . .
#...#.###.### # ###
....#.≈...≈. .# ..
#≈≈...≈.≈.##.### #
# ...≈≈≈≈≈.≈≈.# ..
#..#.≈⌠≈≈≈..#.##
#.≈..≈≈≈).≈...#
#≈.≈..[≈.@.###
...≈.≈≈.≈≈≈.......
###...≈..≈.##.###.#
#...≈≈...≈..#.#
▓▓▓▓▓▓▓▓▓▓▓▓▓


There were no monsters in sight!

Vanquished Creatures
  A hydra (Lair:2)
  A two-headed ogre (D:8)
  A black mamba (Lair:1)
  A spiny frog (Lair:3)
  2 komodo dragons
  A minotaur skeleton (Lab)
  A troll (D:8)
  3 hippogriffs
  A redback (Lab)
  4 basilisks (Lab)
  3 yaks (Lair:3)
  A wyvern (D:8)
  6 hungry ghosts (Lab)
  Menkaure (D:6)
  6 water moccasins
  An orc warrior (D:7)
  A sky beast (D:7)
  A phantom (D:4)
  An ogre (D:8)
  3 centaurs
  A wolf (D:8)
  2 crocodiles
  4 bullfrogs
  Blork the orc (D:6)
  A scorpion (D:6)
  A troll skeleton (Lab)
  3 electric eels (D:8)
  3 crimson imps
  8 hounds
  A centaur skeleton (D:5)
  5 orc wizards
  2 bullfrog skeletons
  7 orc priests
  2 iguanas
  4 worker ants
  4 gnolls (D:3)
  9 adders
  3 shadow imps
  An ooze (D:5)
  An adder skeleton (D:7)
  2 worms
  28 orcs
  3 giant cockroaches
  5 goblins
  A hobgoblin (D:1)
  9 jackals
  5 kobolds
  3 quokkas
  9 bats
  2 frilled lizards
  A jackal zombie (D:6)
  A leopard gecko zombie (D:5)
  A quokka skeleton (D:6)
  A quokka zombie (D:5)
  5 rats
  2 plants (Lair:1)
181 creatures vanquished.

Notes
Turn   | Place    | Note
-------+----------+-------------------------------------------
     0 | D:1      | iamserjio the Gargoyle Berserker began the quest for the Orb.
     0 | D:1      | Reached XP level 1. HP: 14/14 MP: 1/1
    82 | D:1      | Reached XP level 2. HP: 8/19 MP: 2/2
    89 | D:1      | Reached skill level 3 in Axes
   195 | D:2      | Reached XP level 3. HP: 9/23 MP: 3/3
   203 | D:2      | You fall through a shaft for 2 floors!
   208 | D:4      | Noticed a phantom
   227 | D:4      | Killed a phantom
   227 | D:4      | Reached skill level 4 in Axes
   227 | D:4      | Reached XP level 4. HP: 21/29 MP: 4/4
   227 | D:4      | Reached XP level 5. HP: 24/33 MP: 5/5
   323 | D:4      | Reached ** piety under Trog
   534 | D:3      | Found a faded altar of an unknown god.
   599 | D:3      | Reached XP level 6. HP: 39/39 MP: 6/6
   710 | D:3      | Reached *** piety under Trog
   819 | D:5      | Entered Level 5 of the Dungeon
   864 | D:5      | Reached skill level 5 in Axes
  1111 | D:5      | Reached skill level 5 in Fighting
  1147 | D:5      | Reached XP level 7. HP: 42/44 MP: 7/7
  1315 | D:7      | Reached skill level 6 in Axes
  1315 | D:7      | Reached skill level 5 in Armour
  1383 | D:7      | Reached XP level 8. HP: 41/51 MP: 8/8
  1387 | D:6      | Found Lurenlei's Magic Scroll Shoppe.
  1393 | D:6      | Bought a scroll of noise for 14 gold pieces
  1393 | D:6      | Bought a scroll of magic mapping for 49 gold pieces
  1454 | D:6      | Found Otsoj's Antique Weapon Shoppe.
  1455 | D:6      | Found a staircase to the Ecumenical Temple.
  1455 | D:6      | Noticed Menkaure
  1463 | D:6      | Killed Menkaure
  1580 | D:6      | Noticed Blork the orc
  1589 | D:6      | Killed Blork the orc
  1589 | D:6      | Reached **** piety under Trog
  1589 | D:6      | Received a gift from Trog
  1677 | D:7      | Reached skill level 7 in Axes
  1716 | D:7      | Noticed a hippogriff
  1722 | D:7      | Killed a hippogriff
  1742 | D:7      | Found a transporter.
  1747 | D:7      | Noticed Americanboy's ghost (novice MiFi)
  1748 | D:7      | Noticed a slime creature
  1749 | D:7      | Noticed a yak
  1750 | D:7      | Found a transporter.
  1750 | D:7      | Noticed a hippogriff
  1760 | D:7      | Reached XP level 9. HP: 31/56 MP: 9/9
  1825 | D:8      | Reached skill level 8 in Axes
  1847 | D:8      | Noticed a troll
  1866 | D:8      | Killed a troll
  1930 | D:8      | Noticed a two-headed ogre
  1950 | D:8      | Killed a two-headed ogre
  1950 | D:8      | Reached skill level 9 in Axes
  2002 | D:8      | Got a translucent whip
  2006 | D:8      | Identified the +6 whip of Vodka {slash, *Drain rElec Str+2 Dex+5} (You found it on level 8 of the Dungeon)
  2019 | D:8      | Found a staircase to the Lair.
  2033 | D:8      | Reached XP level 10. HP: 47/64 MP: 10/10
  2084 | Lair:1   | Entered Level 1 of the Lair of Beasts
  2116 | Lair:1   | Noticed a black mamba
  2123 | Lair:1   | Killed a black mamba
  2151 | Lair:1   | Reached skill level 10 in Axes
  2272 | Lair:2   | Noticed a five-headed hydra
  2287 | Lair:2   | Killed a five-headed hydra
  2379 | Lair:3   | Noticed a spiny frog
  2385 | Lair:3   | Killed a spiny frog
  2409 | Lair:3   | Reached XP level 11. HP: 19/71 MP: 11/11
  2411 | Lair:3   | Reached skill level 11 in Axes
  2450 | Lair:3   | Found a labyrinth entrance.
  2453 | Lair:3   | Noticed an oklob plant
  2459 | Lab      | Entered a labyrinth
  2686 | Lab      | Reached skill level 10 in Fighting
  3254 | Lab      | Paralysed by fainting for 6 turns
  3276 | Lab      | Quit the game

Skill      XL: |  1  2  3  4  5  6  7  8  9 10 11 |
---------------+----------------------------------+-----
Axes           | 3 4 5 6 7 9 10 11 | 11.5
Fighting       | 4 5 6 8 9 10 | 10.0
Armour         | 3 4 5 6 7 9 |  9.8
Dodging        | |  1.5

Action                   |  1- 3 |  4- 6 |  7- 9 | 10-12 || total
-------------------------+-------+-------+-------+-------++-------
Melee: Hand axe          |    60 |   122 |   225 |       ||   407
       Whip              |       |   102 |    31 |       ||   133
       War axe           |       |       |    10 |   223 ||   233
       Flail             |       |       |       |    10 ||    10
Invok: Berserk           |     1 |     3 |     5 |     2 ||    11
       Trog's Hand       |       |       |     5 |     7 ||    12
  Use: Scroll            |       |     4 |     2 |     4 ||    10
       Potion            |       |       |     1 |       ||     1
  Eat: Chunk             |       |     5 |     7 |    15 ||    27
       Ration            |       |       |     1 |     5 ||     6
Armor: Animal skin       |    12 |       |       |       ||    12
       Plate armour      |    24 |   210 |   340 |   250 ||   824
Dodge: Dodged            |    35 |    89 |   127 |    82 ||   333
